 Dungeon Crawl Stone Soup version 0.27.1-1-g398f81649c (webtiles) character file.

Game seed: 15054631739855340460

21 Elvor the Charlatan (level 2, 0/16 HPs)
             Began as a Gargoyle Artificer on Sept 8, 2021.
             Slain by Natasha (8 damage)
             ... on level 2 of the Dungeon.
             The game lasted 00:07:48 (884 turns).

Elvor the Charlatan (Gargoyle Artificer)             Turns: 884, Time: 00:07:48

Health: 0/16       AC:  6    Str: 15    XL:     2   Next: 83%
Magic:  2/2        EV: 11    Int: 11    God:
Gold:   52         SH:  0    Dex: 10    Spells: 1/1 levels left

rFire    . . .     SeeInvis .   a - +0 club
rCold    . . .     Faith    .   (no shield)
rNeg     + . .     Spirit   .   b - +0 leather armour
rPois    ∞         Reflect  .   (no helmet)
rElec    +         Harm     .   (no cloak)
rCorr    .         Rampage  .   (no gloves)
Will     .....                  (no boots)
Stlth    +.........             (no amulet)
HPRegen  0.05/turn              (no ring)
MPRegen  0.08/turn              (no ring)

@: no status effects
A: sickness immunity, AC +2, negative energy resistance 1, electricity
resistance, torment resistance 1, petrification resistance
a: no special abilities


You were on level 2 of the Dungeon.
You visited 1 branch of the dungeon, and saw 2 of its levels.

You collected 52 gold pieces.

Inventory:

Hand Weapons
 a - a +0 club (weapon)
Missiles
 g - 2 boomerangs
 h - 26 stones
 j - 7 silver javelins
Armour
 b - a +0 leather armour (worn)
Wands
 c - a wand of flame (4) (quivered)
 d - a wand of charming (15)
Scrolls
 f - a scroll of teleportation {unknown}
Potions
 i - 2 potions of haste {unknown}
Miscellaneous
 e - a piece from Xom's chessboard (8/15)


   Skills:
 + Level 1.1 Fighting
 + Level 0.5 Maces & Flails
 + Level 2.4 Armour
 + Level 1.1 Dodging
 - Level 1.1 Stealth
 + Level 3.2 Evocations


You had one spell level left.
You didn't know any spells.
Your spell library was empty.

Dungeon Overview and Level Annotations

Branches:
Dungeon (2/15)

Altars:

Shops:
D:2 (

Annotations:
D:2 Natasha


Innate Abilities, Weirdness & Mutations

You are immune to sickness and miasma.
Your stone body is resilient. (AC +2)
You are immune to poison.
You resist negative energy. (rN+)
You are resistant to electric shocks. (rElec)
You are resistant to unholy torment.
You are immune to petrification.


Message History

The quokka is heavily wounded.
The quokka misses you.
The quokka bites you but does no damage.
You barely miss the quokka.
The quokka is heavily wounded.
The quokka bites you but does no damage.
You hit the quokka.
You kill the quokka!
You see here a quokka corpse.
Search for what [? for help]?
D:1
There is a stone staircase leading down here.
You climb downwards.
There is a stone staircase leading up here.
Found Sadit's Antique Weapon Shop.
There is an entrance to Sadit's Antique Weapon Shop here.
Natasha, Servant of Life and Death comes into view.
Natasha hisses angrily.
Natasha mumbles some strange words.
Aiming: Throw Flame
Press: ? - help, Q - select action, (/) - cycle Shift-Dir - straight line, f - shadow imp
Aim: a shadow imp (summoned, 68% to hit)
The puff of flame hits the shadow imp!
The shadow imp is severely wounded.
Aiming: Throw Flame
Press: ? - help, Q - select action, (/) - cycle Shift-Dir - straight line, f/p - shadow imp
Aim: a shadow imp (severely wounded, summoned, 68% to hit)
The puff of flame hits the shadow imp.
You kill the shadow imp!
You make a move on Xom's chessboard...
Natasha seems to slow down.
You make a move on Xom's chessboard...
Natasha flickers and vanishes!
Deactivating autopickup; reactivate with Ctrl-A.
You closely miss something. Something claws you.
You hit something. Something claws you but does no damage.
You closely miss something. You barely miss something.
Something claws you but does no damage.
You hit something. Something claws you.
You miss something. Something claws you.
You miss something. Something claws you!
Ouch! That really hurt!
You die...

#.# #.# #.#
#.# #.# #.#
#.#
#.#########
#..@{......
##########.


There were no monsters in sight!

Vanquished Creatures
  2 dart slugs (D:1)
  3 giant cockroaches (D:1)
  2 goblins (D:1)
  A hobgoblin (D:1)
  2 quokkas (D:1)
  2 bats (D:1)
  3 frilled lizards (D:1)
  A rat (D:1)
16 creatures vanquished.

Notes
Turn   | Place    | Note
-------+----------+-------------------------------------------
     0 | D:1      | Elvor the Gargoyle Artificer began the quest for the Orb.
     0 | D:1      | Reached XP level 1. HP: 12/12 MP: 1/1
    53 | D:1      | Reached skill level 3 in Evocations
   143 | D:1      | Reached XP level 2. HP: 6/16 MP: 2/2
   209 | D:1      | Reached skill level 1 in Dodging
   848 | D:2      | Found Sadit's Antique Weapon Shop.
   872 | D:2      | Noticed Natasha
   884 | D:2      | Slain by Natasha

Illustrated notes

Levels and vault maps discovered:
D:1:      saegor_arrival_simple_b, layout_basic
D:2:      layout_basic, shapermc_ecumenical_altar_hornbeckon, serial_shops,
          shop_coins, shop, shop, shop, shop, minmay_misc_feat_four_crosses,
          uniq_natasha, uniq_sigmund, uniq_jessica

Skill      XL: |  1  2 |
---------------+-------+-----
Evocations     | 3 |  3.2
Dodging        | 1 |  1.1
Fighting       | |  1.1
Maces & Flails | |  0.5
Armour         | |  2.4
Stealth        | |  1.1

Action                   || total
-------------------------++-------
Melee: Club              ||    71
Evoke: Wand              ||    11
       Piece from Xom's  ||     8
 Stab: Paralysed         ||     1
       Sleeping          ||     2
       Petrified         ||     1
Armor: Leather armour    ||    40
Dodge: Dodged            ||    51
